[Event "Early-Titled-Tuesday-Blitz-January-16-2024"]
[Site "Chess.com"]
[Date "2024.01.16"]
[Round "6"]
[White "ChessGiantYouTube"]
[Black "hakanazeri2"]
[Result "0-1"]
[WhiteElo "2210"]
[BlackElo "2539"]
[TimeControl "180+1"]
[EndTime "9:11:20 PST"]
[Termination "hakanazeri2 won by resignation"]

1. g3 d5 2. Bg2 c6 3. d3 Nf6 4.
e3 e5 5. Ne2 h5 6. h3 g6 7. b3 Bg7 8. Bb2 Nbd7 9. Nd2 O-O 10. a3 Re8 11. Ra2 a5 12. Qa1 Qe7 13.
Nf3 b5 14. O-O Bb7 15. a4 b4 16. h4 c5 17. Ng5 Nh7 18. Nxh7 Kxh7 19. e4 dxe4 20.
dxe4 c4 21. Qe1 Nc5 22. bxc4 Bxe4 23. Bxe4 Nxe4 24. Nc1 Nc5 25. Nd3 e4 26. Bxg7 Kxg7 27. Qa1+ Kh7 28. Nf4 Qe5 29. Nd5 Kg7 30. Nc7 Qxa1 31.
Raxa1 Rad8 32. Nxe8+ Rxe8 33. Rad1 Nxa4 34. Rd5 Nb6 35.
Rxa5 Nxc4 36. Ra4 e3 37. Rxb4 Nd2 38. fxe3 Nxf1 39. Kxf1 Rxe3 40. Kf2 Rc3 41. Rb2 Kf6 42.
Rb6+ Kf5 43. Rb2 Kg4 44. Rb4+ Kh3 45. Rf4 Rxc2+ 46. Kf3 f5 47. Rb4 Rc3+ 48. Kf4 Rxg3 49. Rb6 Rg4+ 50. Kf3 Kxh4 51. Rb2 Kg5 52. Rb6 h4 53.
Rb2 Rg3+ 54. Kf2 Kg4 55. Rb6 g5 56. Rb4+ f4 57. Rb1 h3 58. Rh1 Rg2+ 59. Kf1 Kg3 60. Rg1 f3 61. Rh1 h2 0-1

[Event "Early-Titled-Tuesday-Blitz-January-16-2024"]
[Site "Chess.com"]
[Date "2024.01.16"]
[Round "6"]
[White "hongnhung1234"]
[Black "elchacal664"]
[Result "1-0"]
[WhiteElo "2578"]
[BlackElo "2367"]
[TimeControl "180+1"]
[EndTime "9:11:21 PST"]
[Termination "hongnhung1234 won by checkmate"]

1. e4 c5 2. Nc3 e6 3. f4 a6 4. Nf3 d5 5. d3 dxe4 6. Nxe4 Nd7 7.
g3 Ngf6 8. Nxf6+ Nxf6 9. Bg2 Be7 10. O-O O-O 11. Bd2 Rb8 12. Ne5 Nd7 13. Bc3 Nxe5 14.
Bxe5 Bd6 15. Qe2 b5 16. Rad1 Bb7 17. d4 cxd4 18. Bxd4 Qc7 19. Qg4 f5 20. Qxg7+ Qxg7 21. Bxg7 Bxg2 22. Bxf8 Bxf1 23. Bxd6 Be2 24. Re1 Rd8 25.
Rxe2 Rxd6 26. Kf2 Kf7 27. b3 b4 28. Ke3 Rd5 29. c3 bxc3 30. Rc2 Ra5 31. a4 Rc5 32. Kd4 Rd5+ 33. Kxc3 a5 34. b4 axb4+ 35. Kxb4 Rd4+ 36. Kb5 Rd8 37. Rc7+ Kf6 38. Rxh7 e5 39. fxe5+ Kxe5 40. a5 Rd1 41. Rh4 Rb1+ 42. Rb4 Ra1 43. a6 f4 44. gxf4+ Kd6 45. Ra4 Rb1+ 46. Kc4 Rb8 47. a7 Ra8 48. Kd4 Ke6 49. Ke4 Kf6 50. Ra6+ Kg7 51. f5 Kh7 52.
Kf4 Kg7 53. f6+ Kf7 54. Kf5 Kg8 55. Kg6 Kh8 56. h4 Rg8+ 57. Kh6 Ra8 58. Rb6 Rf8 59.
Rb8 Kg8 60. Rxf8+ Kxf8 61. a8=Q+ Kf7 62. Kg5 Ke6 63. Qe8+ Kd6 64. f7 Kc5 65. f8=Q+ Kd4 66. Qd6+ Kc3 67. Qec6+ Kb3 68. Qb8+ Ka2 69. Qa6# 1-0

[Event "Early-Titled-Tuesday-Blitz-January-16-2024"]
[Site "Chess.com"]
[Date "2024.01.16"]
[Round "6"]
[White "stratacticos"]
[Black "NastyaHn"]
[Result "0-1"]
[WhiteElo "1979"]
[BlackElo "2305"]
[TimeControl "180+1"]
[EndTime "9:11:21 PST"]
[Termination "NastyaHn won on time"]

1. e4 e6 2. d4 d5 3. e5 c5 4. c3 Nc6 5. Nf3 Qb6 6. Bd3 Bd7 7. O-O cxd4 8. a3 a5 9. Qe2 Nge7 10. Kh1 dxc3 11.
Nxc3 Ng6 12. h4 Be7 13. h5 Nh4 14. Nxh4 Bxh4 15. Bf4 Be7 16. Bg3 Nd4 17. Qg4 g6 18. Rab1 O-O-O 19. Rfc1 Kb8 20. b4 axb4 21. axb4 Nf5 22.
Bh2 Qxf2 23. b5 gxh5 24. Qf3 Qxf3 25. gxf3 Bc5 26. Bxf5 exf5 27. Nxd5 Be6 28. Rxc5 Rxd5 29. Rxd5 Bxd5 30. e6+ Kc8 31. Rc1+ Kd8 32. exf7 Bxf7 33. Be5 Rg8 34. Rd1+ Ke8 35. Rc1 Bd5 36. Rc3 Kf7 37. Kh2 Ke6 38. f4 Rg2+ 39. Kh3 Rg1 40. Rc7 Rh1+ 41.
Kg3 h4+ 42. Kf2 h3 43. Rxh7 h2 44. Rh6+ Ke7 45. Kg3 Rg1+ 46. Kxh2 Rh1+ 47. Kg3 Rxh6 0-1

[Event "Early-Titled-Tuesday-Blitz-January-16-2024"]
[Site "Chess.com"]
[Date "2024.01.16"]
[Round "6"]
[White "sergoy"]
[Black "Kirill_Klukin"]
[Result "1/2-1/2"]
[WhiteElo "3008"]
[BlackElo "2868"]
[TimeControl "180+1"]
[EndTime "9:11:23 PST"]
[Termination "Game drawn by repetition"]

1. d4 f5 2. Nf3 e6 3. c4 Nf6 4.
g3 c6 5. Bg2 d5 6. O-O Bd6 7.
Nbd2 O-O 8. b3 b6 9. Bb2 Bb7 10.
Ne5 Qe7 11. Ndf3 a5 12. a3 Na6 13. e3 Ne4 14. Qe2 Rfc8 15. Nd2 Bxe5 16. dxe5 c5 17. cxd5 exd5 18. f4 Nc7 19. Rfe1 Ne6 20. Nxe4 dxe4 21. g4 g6 22. Bh3 Rf8 23. Rad1 Ba6 24. Qg2 Kh8 25. Rd6 Rad8 26. Kh1 Ng7 27. Red1 Bc8 28. gxf5 Bxf5 29. Bxf5 Nxf5 30. Qxe4 Qh4 31. Qf3 Nxd6 32.
exd6+ Kg8 33. Be5 Rf7 34. Qc6 Qg4 35. Rg1 Qe6 36. Rg3 Qxb3 37. h4 Qd1+ 38. Kh2 Qe2+ 39. Kh3 Qf1+ 40. Kh2 Qe2+ 41. Kh3 Qf2 42. h5 Qf1+ 43. Qg2 Qxg2+ 44. Rxg2 Rfd7 45. hxg6 hxg6 46. Rxg6+ Kf7 47. f5 c4 48. Rh6 c3 49. Rh7+ Kg8 50.
Rh8+ Kf7 51. Rh7+ Kg8 52. Rh8+ Kf7 53. Rh7+ 1/2-1/2

[Event "Early-Titled-Tuesday-Blitz-January-16-2024"]
[Site "Chess.com"]
[Date "2024.01.16"]
[Round "6"]
[White "Onischuk_V"]
[Black "Nouali_Mohamed"]
[Result "1-0"]
[WhiteElo "2797"]
[BlackElo "2594"]
[TimeControl "180+1"]
[EndTime "9:11:23 PST"]
[Termination "Onischuk_V won by resignation"]

1. e4 c5 2. Nf3 Nc6 3. Bb5 Qc7 4. O-O e6 5. Re1 a6 6. Bxc6 Qxc6 7. c4 d6 8. Nc3 Nf6 9. d4 cxd4 10. Nxd4 Qxc4 11.
Bg5 Be7 12. Rc1 Qb4 13. Nb3 Qb6 14. e5 dxe5 15. Qf3 Bd7 16. Be3 Qb4 17. Qg3 Qg4 18. Qxe5 Bc6 19. Qg3 Bd6 20. Qxg4 Nxg4 21. Bd4 Bxh2+ 22.
Kf1 Bf4 23. Rcd1 Rd8 24. Na5 e5 25. Nxc6 bxc6 26. g3 O-O 27. Bc5 Bg5 28. Bxf8 Rxf8 29. Rd6 Nf6 30. Rxc6 Bd2 31. Rd1 Bxc3 32. Rxc3 e4 33.
Rdc1 h5 34. Rc8 Rxc8 35. Rxc8+ Kh7 36. Ra8 Kg6 37. Rxa6 Kf5 38. a4 Kg4 39. a5 e3 40.
fxe3 Kxg3 41. Rxf6 gxf6 42. a6 h4 43. a7 h3 44.
a8=Q f5 45. Qb8+ Kh4 46. Qf4+ Kh5 47. Qxf5+ Kh4 48. Qf4+ Kh5 49. Qg3 f5 50. Qxh3+ 1-0

[Event "Early-Titled-Tuesday-Blitz-January-16-2024"]
[Site "Chess.com"]
[Date "2024.01.16"]
[Round "6"]
[White "Mikasinski"]
[Black "Nuvas"]
[Result "0-1"]
[WhiteElo "2607"]
[BlackElo "2788"]
[TimeControl "180+1"]
[EndTime "9:11:23 PST"]
[Termination "Nuvas won by resignation"]

1. e4 e5 2. Nf3 Nc6 3. Bb5 a6 4. Ba4 Nf6 5. d3 Bc5 6. O-O b5 7. Bb3 d6 8. a4 Rb8 9. axb5 axb5 10. c3 O-O 11. Nbd2 Bb6 12. Bc2 d5 13. Re1 dxe4 14.
Nxe4 Nxe4 15. dxe4 Qxd1 16. Rxd1 Be6 17. Kf1 f6 18. Bd3 Rfd8 19. Be2 Rxd1+ 20. Bxd1 b4 21.
Ba4 Ra8 22. Nd2 Kf8 23. Ke2 Bc5 24. f3 Ne7 25. Kd3 bxc3 26. bxc3 Bd7 27. Nb3 Bxa4 28.
Rxa4 Rxa4 29. Nxc5 Ra2 30. Bd2 Kf7 31. g3 h5 32. h4 Nc8 33. f4 exf4 34. Bxf4 c6 35. Nb7 Ne7 36. Nd8+ Ke8 37. Ne6 g6 38. Nd4 Kd7 39.
Nb3 f5 40. Nc5+ Ke8 41. Nb7 Kf7 42. Nd6+ Ke6 43. Nb7 fxe4+ 44. Kxe4 Ra4+ 45. Kf3 Kd5 46. Nd8 Rc4 47. Bd2 Nf5 48. Nf7 Nd6 49. Nh8 Ne4 50.
Be1 g5 51. Ng6 g4+ 52. Kf4 Nxc3+ 53. Kg5 Ne2 54. Kxh5 Re4 55. Bf2 c5 56. Kg5 c4 57.
Be1 c3 58. Bxc3 Nxc3 59. Nf4+ Ke5 60. Kxg4 Ne2 61. Kf3 Nxf4 0-1

[Event "Early-Titled-Tuesday-Blitz-January-16-2024"]
[Site "Chess.com"]
[Date "2024.01.16"]
[Round "6"]
[White "ErikRonka"]
[Black "EvgenyBurmakin"]
[Result "0-1"]
[WhiteElo "2519"]
[BlackElo "2399"]
[TimeControl "180+1"]
[EndTime "9:11:23 PST"]
[Termination "EvgenyBurmakin won on time"]

1. d4 Nf6 2. Bf4 g6 3. Nf3 Bg7 4. e3 d6 5. h3 O-O 6. Nbd2 c5 7. c3 b6 8. Be2 Bb7 9. O-O Nbd7 10. a4 a6 11. Bh2 Qe8 12. b4 Ne4 13. Nxe4 Bxe4 14. Nd2 Bb7 15. Bf3 Qc8 16. bxc5 bxc5 17. Rb1 Bc6 18.
Ne4 Bd5 19. dxc5 Qc6 20. Nd2 Nxc5 21. Bxd5 Qxd5 22. Nb3 Qxd1 23. Rfxd1 Nxa4 24. Rd3 Nxc3 25. Re1 a5 26. e4 a4 27. Na1 a3 28. e5 Nb5 29. Rb1 Rab8 30. Rdb3 a2 31. R1b2 Rbc8 32. g4 Rc1+ 33. Kg2 Nd4 34. Rd3 dxe5 35. Rxa2 e4 36. Re3 f5 37. Nb3 Nc2 38. Re2 Nb4 39. Rad2 Nd3 40. Nc5 Rxc5 41. f3 exf3+ 42. Kxf3 Nb4 43.
Rb2 Rc3+ 44. Kg2 Nd5 45. Rbd2 Ne3+ 46. Kf2 Nc4 47. g5 Nxd2 48. Rxd2 Rfc8 49. Rd8+ Rxd8 0-1

[Event "Early-Titled-Tuesday-Blitz-January-16-2024"]
[Site "Chess.com"]
[Date "2024.01.16"]
[Round "6"]
[White "NM_Antelacus"]
[Black "SergioMoralesG"]
[Result "0-1"]
[WhiteElo "2142"]
[BlackElo "2435"]
[TimeControl "180+1"]
[EndTime "9:11:23 PST"]
[Termination "SergioMoralesG won on time"]

1. e4 c5 2. Nf3 e6 3. c3 Nf6 4. e5 Nd5 5. d4 cxd4 6. cxd4 d6 7.
Bd3 Nc6 8. O-O Ndb4 9. Bc4 dxe5 10. a3 e4 11. Ng5 Nd3 12. Bxd3 exd3 13. Qxd3 Qxd4 14.
Qf3 Qf6 15. Qb3 Be7 16. Nc3 O-O 17. Nge4 Qg6 18. Be3 b6 19. Bf4 Bb7 20. f3 Rfd8 21. Rad1 h6 22. Kh1 Rac8 23. Qa4 Na5 24. Nd6 Bxd6 25.
Rxd6 Rxd6 26. Bxd6 Nc4 27. Qd7 Nxd6 28. Qxd6 Qf6 29.
Qd7 Ba6 30. Rd1 Kh7 31. Ne4 Qh4 32. Qd2 Qe7 33. Rc1 Rxc1+ 34. Qxc1 Qd7 35. h3 Qd5 36. Qc7 f5 37. Nc3 Qc4 38. Qxa7 Qf1+ 39. Kh2 Bd3 40.
Qxb6 Qc1 41. Qf2 Qf4+ 42. g3 Qd6 43. Qd2 Qa6 44. b4 e5 45. b5 Qd6 46. a4 e4 47.
fxe4 fxe4 48. Nxe4 Qd4 49. Nf2 Qa7 50. Nxd3 Kg8 0-1

[Event "Early-Titled-Tuesday-Blitz-January-16-2024"]
[Site "Chess.com"]
[Date "2024.01.16"]
[Round "6"]
[White "Elsa167"]
[Black "igorkovalenko"]
[Result "1-0"]
[WhiteElo "2850"]
[BlackElo "2990"]
[TimeControl "180+1"]
[EndTime "9:11:24 PST"]
[Termination "Elsa167 won by resignation"]

1. d4 Nf6 2. c4 e6 3. Nf3 b6 4. Bf4 Bb7 5. e3 Bb4+ 6. Nfd2 Ne4 7. a3 Bxd2+ 8. Nxd2 Nxd2 9. Qxd2 O-O 10. Bd3 d6 11. O-O f5 12. Bg3 Nd7 13. f3 Qe7 14. b4 e5 15. d5 g6 16. e4 f4 17. Bf2 g5 18. Rac1 Nf6 19. c5 h5 20. Rc2 Rf7 21.
Rfc1 Rg7 22. Kh1 Qd8 23. Rc3 Kh7 24. Qc2 Kh6 25. Qa4 h4 26. h3 Nh5 27. Ba6 Bxa6 28. Qxa6 Ng3+ 29. Bxg3 hxg3 30. cxd6 cxd6 31. Kg1 Rd7 32.
Rc8 Rxc8 33. Rxc8 Qe7 34. Rh8+ Kg6 35. Qc8 Qf7 36. Rg8+ Kh6 37. Rh8+ Kg6 38. Qg8+ Qxg8 39. Rxg8+ Kf6 40. Rc8 b5 41. Kf1 a5 42. bxa5 Ra7 43.
Rc6 Rxa5 44. Rxd6+ Kf7 45. Re6 Rxa3 46. Rxe5 Ra1+ 47. Ke2 Ra2+ 48. Kd3 Rxg2 49. d6 Rf2 50. d7 Rf1 51. Ke2 Rf2+ 52. Ke1 Rxf3 53. d8=Q Re3+ 54. Kf1 g2+ 55. Kxg2 1-0

[Event "Early-Titled-Tuesday-Blitz-January-16-2024"]
[Site "Chess.com"]
[Date "2024.01.16"]
[Round "6"]
[White "Arystanner"]
[Black "vugarrasulov"]
[Result "0-1"]
[WhiteElo "2802"]
[BlackElo "2966"]
[TimeControl "180+1"]
[EndTime "9:11:24 PST"]
[Termination "vugarrasulov won by resignation"]

1. e4 e5 2. Nf3 Nc6 3. Bb5 g6 4.
d4 exd4 5. Bg5 Be7 6. Bxe7 Qxe7 7. O-O Nf6 8. e5 Nd5 9. Re1 O-O 10. Nxd4 Nf4 11.
Nc3 Nxe5 12. g3 Nh3+ 13. Kg2 c6 14. f4 d6 15. fxe5 dxe5 16. Bd3 Qc5 17. Nb3 Qf2+ 18.
Kh1 Qb6 19. Rf1 Nf2+ 20. Rxf2 Qxf2 21. Ne4 Qe3 22. Qe1 Qxe1+ 23. Rxe1 Kg7 24. Nd6 f6 25. Nc5 b6 26. Nxc8 Rfxc8 27. Ne4 Rd8 28. g4 Rd4 29. Kg2 f5 30. gxf5 gxf5 31. Ng3 Kf6 32. Bxf5 Rd2+ 33.
Kh3 Rd4 34. Be4 Rg8 35. Bxc6 h5 36. Ne4+ Ke6 37. Bb5 Rg4 38. Bd3 Rf4 39. Re3 Kd5 40. b3 Rdxe4 41. Bxe4+ Rxe4 42. Rc3 Re2 43. Kg3 e4 44. Rc7 a5 45. h4 Re3+ 46. Kf4 Rf3+ 47. Kg5 e3 48. Re7 Kd4 49. Kxh5 Rg3 50. c4 Kd3 51.
Re6 e2 52. Rd6+ Kc2 53. Re6 Kd2 54. Rd6+ Rd3 55. Re6 Re3 0-1

[Event "Early-Titled-Tuesday-Blitz-January-16-2024"]
[Site "Chess.com"]
[Date "2024.01.16"]
[Round "6"]
[White "Egor_Koshulyan"]
[Black "viktorgen2021"]
[Result "1-0"]
[WhiteElo "2691"]
[BlackElo "2551"]
[TimeControl "180+1"]
[EndTime "9:11:24 PST"]
[Termination "Egor_Koshulyan won by resignation"]

1. e4 g6 2. d4 Bg7 3. Nc3 d6 4. f4 Nf6 5. Nf3 O-O 6. e5 dxe5 7. fxe5 Nd5 8. Bc4 c6 9. O-O Bg4 10. Bb3 Nxc3 11. bxc3 c5 12. Be3 Nc6 13. h3 Bf5 14.
Qe2 Qa5 15. Bd2 Rad8 16. d5 Nb8 17. Rae1 Qc7 18. c4 e6 19. Bg5 Rc8 20. d6 Qa5 21. g4 h6 22. Bd2 Qd8 23. gxf5 gxf5 24. Kh2 Kh7 25. Bf4 Nc6 26. c3 Rg8 27. Rg1 Qd7 28. Qf2 Qd8 29. Qh4 Qxh4 30. Nxh4 Rcd8 31. Nf3 Rd7 32. Ba4 Rdd8 33. Bxc6 bxc6 34. Rb1 Rb8 35. Rgd1 f6 36. exf6 Bxf6 37. Be5 Bg5 38. d7 Rbd8 39. Bc7 Rdf8 40. Rb7 Bd8 41. Bd6 Rf7 42. Bxc5 Rfg7 43. Rg1 Rxg1 44. Bxg1 Kg6 45. Bd4 f4 46. Ne5+ Kf5 47. Nxc6 f3 48. Nxd8 Rg2+ 49. Kh1 Rxa2 50. Rb1 Kf4 51. Nc6 Kg3 52. Be5+ Kxh3 53. d8=Q Rg2 54. Qf6 Rg4 55. Qxh6+ Rh4 56. Qxe6+ Rg4 57. Qxg4+ Kxg4 58. Nxa7 1-0

[Event "Early-Titled-Tuesday-Blitz-January-16-2024"]
[Site "Chess.com"]
[Date "2024.01.16"]
[Round "6"]
[White "FARIZA2018"]
[Black "KanalSzachowy"]
[Result "1/2-1/2"]
[WhiteElo "2501"]
[BlackElo "2349"]
[TimeControl "180+1"]
[EndTime "9:11:25 PST"]
[Termination "Game drawn by repetition"]

1. e4 c5 2. Nf3 Nc6 3. d4 cxd4 4. Nxd4 Nf6 5. Nc3 e5 6. Ndb5 Bb4 7. a3 Bxc3+ 8. Nxc3 d6 9. Bc4 Be6 10. Bxe6 fxe6 11.
O-O O-O 12. f4 Qb6+ 13. Kh1 exf4 14. Bxf4 Ne5 15. Rb1 Nfg4 16. Qe2 Rf6 17. h3 Raf8 18. Bg3 Rxf1+ 19. Rxf1 Rxf1+ 20. Qxf1 Qxb2 21. Nd1 Qxa3 22. c3 Nf6 23. Bxe5 dxe5 24. Qc4 Qa6 25. Qc8+ Kf7 26. Ne3 Qc6 27. Qb8 a6 28. Kg1 h6 29. Kf2 Nxe4+ 30.
Kg1 Qb6 31. Kh2 Qxe3 32. Qxe5 Qd3 33. Qc7+ Kg6 34. Qxb7 Qd6+ 35. Kg1 Qc5+ 36. Kh2 Qe5+ 37. Kg1 Ng3 38. Qb1+ Qf5 39. Qb6 Ne2+ 40. Kh2 Qf4+ 41.
Kh1 Ng3+ 42. Kg1 Ne2+ 43. Kh1 Qf1+ 44. Kh2 Qf4+ 45. Kh1 1/2-1/2

[Event "Early-Titled-Tuesday-Blitz-January-16-2024"]
[Site "Chess.com"]
[Date "2024.01.16"]
[Round "6"]
[White "LuisFSiles"]
[Black "FMCASTE"]
[Result "0-1"]
[WhiteElo "2251"]
[BlackElo "2473"]
[TimeControl "180+1"]
[EndTime "9:11:26 PST"]
[Termination "FMCASTE won on time"]

1. d4 Nf6 2. c4 g6 3. Nc3 d5 4. cxd5 Nxd5 5. Bd2 Bg7 6. e4 Nb6 7. Be3 O-O 8. Be2 Nc6 9. Nf3 Bg4 10. d5 Bxf3 11. gxf3 Ne5 12. Bd4 c6 13. f4 Nec4 14. Bxc4 e5 15. Bxb6 Qxb6 16. f5 Qxb2 17. Rc1 Rad8 18.
O-O Qb4 19. Qb3 Qe7 20. dxc6 bxc6 21. Rfd1 Kh8 22. fxg6 fxg6 23. Rxd8 Qxd8 24. Rd1 Qg5+ 25. Kf1 Qh4 26. Qc2 Qxh2 27. Rd3 Bh6 28. Nd1 Qh1+ 29.
Ke2 Qxe4+ 30. Ne3 Qf3+ 31. Ke1 Qh1+ 32. Nf1 e4 33. Rd7 Bg7 34. Qd2 Qh4 35. Bb3 Qf6 36. Ne3 Qa1+ 37. Ke2 Bc3 38. Qd1 Qb2+ 39. Qc2 Qa1 40. Qxe4 Qe1+ 41. Kd3 Qd2+ 42. Kc4 Qxd7 43.
Kxc3 Rxf2 44. Qe5+ Qg7 45. Qxg7+ Kxg7 46. a4 Rf3 47.
Kd4 h5 48. Bd1 Rf2 49. Kc5 Rd2 50. Bb3 Rd3 0-1

[Event "Early-Titled-Tuesday-Blitz-January-16-2024"]
[Site "Chess.com"]
[Date "2024.01.16"]
[Round "6"]
[White "KVAIDAN"]
[Black "SnekkerAndersen"]
[Result "0-1"]
[WhiteElo "2411"]
[BlackElo "2648"]
[TimeControl "180+1"]
[EndTime "9:11:27 PST"]
[Termination "SnekkerAndersen won on time"]

1. f4 e5 2. d3 d6 3. Nc3 Nc6 4. e4 g6 5. Nf3 Bg7 6. Be2 Nge7 7. O-O O-O 8. fxe5 Nxe5 9. Nxe5 dxe5 10. Bg5 f6 11. Be3 Be6 12. Qe1 Nc6 13. Qf2 Nd4 14.
Bxd4 Qxd4 15. Qxd4 exd4 16. Nb5 Bd7 17. Nxc7 Rac8 18.
Nd5 Rxc2 19. Bf3 Rxb2 20. Rfb1 Rxb1+ 21. Rxb1 b6 22. Rc1 Bb5 23. Be2 h5 24. Rc7 Rf7 25.
Rc8+ Kh7 26. h4 f5 27. exf5 Rxf5 28. Bf3 Bxd3 29. Rc7 Be2 30. Ne7 Re5 31. Nc6 Re8 32.
Nxd4 Bd3 33. Bd5 Rd8 34. Rxg7+ Kh6 35. Ne6 Rxd5 36. Rxa7 Ra5 37. Rc7 g5 38. Nxg5 b5 39. Rd7 Bc4 40. Rd2 Kg6 41. Rd6+ Kf5 42. Nf3 Rxa2 43. Rb6 Kf4 44. Nd4 Rb2 45. Rh6 Kg4 46.
Nf3 Bd5 47. Rg6+ Kf4 48. Rf6+ Ke3 49. Kh2 b4 50. Kg3 b3 51. Rd6 Be4 52. Ng5 Rxg2+ 53. Kh3 b2 54. Rb6 Rxg5 55. Rxb2 Bf5+ 56. Kh2 Rg4 57.
Rb3+ Kf4 58. Rh3 Be4 0-1

[Event "Early-Titled-Tuesday-Blitz-January-16-2024"]
[Site "Chess.com"]
[Date "2024.01.16"]
[Round "6"]
[White "Sychev_Klementy"]
[Black "karinachess1"]
[Result "0-1"]
[WhiteElo "2766"]
[BlackElo "2619"]
[TimeControl "180+1"]
[EndTime "9:11:28 PST"]
[Termination "karinachess1 won on time"]

1. e4 e5 2. Nc3 Nf6 3. f4 d5 4. fxe5 Nxe4 5. Qf3 Nxc3 6. dxc3 Be7 7. Bf4 O-O 8.
O-O-O Be6 9. Bd3 Nd7 10. Qh5 g6 11. Qh6 Re8 12. h4 Bf8 13. Qg5 Qxg5 14. hxg5 Bg7 15. Re1 Bg4 16. Rh4 Bxe5 17. Bd2 Be6 18. Ne2 Nf8 19. Rf1 Re7 20. Be3 b6 21. b4 a5 22. b5 Bd7 23. Kd2 Rae8 24. Rf3 Bg7 25. a4 Ne6 26. c4 dxc4 27. Bxc4 Bc8 28. Bd3 Bb7 29. Rfh3 Nf8 30. g4 Bg2 31. Rg3 Bd5 32.
Rhh3 c6 33. c4 Be4 34. Bxe4 Rxe4 35. Kd3 cxb5 36. axb5 R4e6 37. Nd4 Rd6 38. Kc2 Rxe3 39. Rxe3 Bxd4 40. Re8 Kg7 41. Rd3 Ne6 42. Rb8 Nc5 43.
Rd2 Ne6 44. Rd3 Rd7 45. Rd1 Rd6 46. Kb1 Nxg5 47. c5 Bxc5 48. Rxd6 Bxd6 49. Rxb6 Ne4 50. Rc6 h5 51. gxh5 gxh5 52. b6 Bg3 53. b7 h4 54.
Ka2 h3 55. Rc1 h2 56. Re1 Nf2 57. Re3 Bb8 0-1

[Event "Early-Titled-Tuesday-Blitz-January-16-2024"]
[Site "Chess.com"]
[Date "2024.01.16"]
[Round "6"]
[White "klimkoj"]
[Black "Goryachkina"]
[Result "1-0"]
[WhiteElo "2873"]
[BlackElo "2674"]
[TimeControl "180+1"]
[EndTime "9:11:29 PST"]
[Termination "klimkoj won on time"]

1. e4 c5 2. Nf3 e6 3. Be2 Nc6 4.
O-O Nf6 5. Nc3 d6 6. d4 cxd4 7. Nxd4 Be7 8. Be3 O-O 9. Qd2 Nxd4 10. Qxd4 e5 11. Qd2 Be6 12. Rad1 a6 13. Kh1 Qc7 14. Rg1 Qc6 15. Bf3 Rac8 16. g4 Rfd8 17. g5 Ne8 18. Qe2 Bc4 19. Qe1 f5 20. gxf6 Nxf6 21. Qd2 Kh8 22. Bg5 Rf8 23. Bh4 b5 24. a3 Rf7 25.
Qe3 a5 26. Nd5 Bxd5 27. exd5 Qc4 28. Bg5 Rcf8 29. Qe2 Qxe2 30. Bxe2 Ne4 31. Bxe7 Nxf2+ 32. Kg2 Nxd1 33. Bxf8 Ne3+ 34. Kh3 Rxf8 35. Bxb5 Nxd5 36. Rd1 Nf4+ 37. Kg3 d5 38. Re1 Rf5 39. h4 g6 40.
Bd7 Rf7 41. Bc6 Re7 42. b4 axb4 43. axb4 Kg7 44. b5 Kf6 45. b6 Rf7 46. b7 Rf8 47. Ra1 Ne2+ 48. Kh2 Ke6 49. Ra8 Rf2+ 50. Kh3 Rf3+ 51.
Kg2 Rc3 52. b8=Q Nf4+ 53. Kf1 1-0

[Event "Early-Titled-Tuesday-Blitz-January-16-2024"]
[Site "Chess.com"]
[Date "2024.01.16"]
[Round "6"]
[White "MikaelyanArman"]
[Black "Maestro-Fermin"]
[Result "1-0"]
[WhiteElo "2840"]
[BlackElo "2615"]
[TimeControl "180+1"]
[EndTime "9:11:29 PST"]
[Termination "MikaelyanArman won by resignation"]

1. e4 c6 2. d4 d5 3. exd5 cxd5 4. Bd3 Nc6 5. c3 Qc7 6. h3 e6 7. Nf3 Bd6 8. O-O Nge7 9. Re1 h6 10. Nbd2 O-O 11.
Nf1 f6 12. b3 e5 13. c4 e4 14. c5 exd3 15. cxd6 Qxd6 16. Qxd3 Bf5 17. Qd2 Rac8 18. Ng3 Bh7 19. a3 Rfe8 20. Bb2 b6 21. b4 Nf5 22.
Nxf5 Bxf5 23. Nh4 Be4 24. Re3 g5 25. Nf3 Re7 26. Rae1 Rce8 27. Qd1 Re6 28. Nd2 Bg6 29. Qf3 Kg7 30. b5 Rxe3 31. Rxe3 Rxe3 32. fxe3 Ne7 33.
Kf2 Nf5 34. g3 Qe6 35. e4 dxe4 36. Qxe4 Qxe4 37. Nxe4 Nxd4 38. Nd6 Nb3 39. Nc8 Bd3 40. Nxa7 Nc5 41. Bd4 Nd7 42. Ke3 Bf1 43. h4 gxh4 44. gxh4 Kf7 45. a4 Ke6 46. Nc8 Bc4 47. Bxb6 Bb3 48.
a5 Bc4 49. a6 Bxb5 50. a7 Bc6 51. Bd4 Ne5 52. Nb6 h5 53. Bxe5 Kxe5 54. a8=Q Bxa8 55. Nxa8 Kf5 56. Kf3 Ke5 57. Nb6 f5 58. Nc4+ Kd4 59. Nd6 Ke5 60. Nf7+ Kf6 61. Ng5 Ke5 62. Nh3 Kf6 63. Nf4 1-0

[Event "Early-Titled-Tuesday-Blitz-January-16-2024"]
[Site "Chess.com"]
[Date "2024.01.16"]
[Round "6"]
[White "Kaissa10"]
[Black "JoliyRoger"]
[Result "1-0"]
[WhiteElo "2274"]
[BlackElo "2456"]
[TimeControl "180+1"]
[EndTime "9:11:29 PST"]
[Termination "Kaissa10 won by checkmate"]

1. e4 c6 2. d4 d5 3. Nc3 dxe4 4.
Nxe4 Nf6 5. Nxf6+ exf6 6. c3 Bd6 7. Bd3 Na6 8. Ne2 Bg4 9. Qc2 Nc7 10. h3 Bh5 11. c4 Bg6 12. O-O O-O 13. Be3 Re8 14. Rad1 Rc8 15. Nf4 Bxf4 16. Bxf4 Ne6 17. Be3 Bh5 18.
Rde1 Bg6 19. Rd1 Qd6 20. Bxg6 hxg6 21. Qb3 b6 22. d5 Nc5 23. dxc6 Qxc6 24. Qa3 Qb7 25. b4 Ne4 26. c5 b5 27. Rfe1 f5 28.
f3 Nf6 29. Bf2 a6 30. Qb2 Nd5 31. Qd4 Red8 32. Qh4 f6 33. a3 Qf7 34. Rd4 f4 35. Red1 g5 36. Qg4 g6 37. Rxd5 Rxd5 38. Qxc8+ Kg7 39.
Rxd5 Qxd5 40. Qc7+ Kh6 41. Qd6 Qa2 42. Qxf6 Kh7 43.
Qe7+ Kh6 44. Qf8+ Kh7 45. Bd4 Qg8 46. Qe7+ Kh6 47. Qg7+ Qxg7 48. Bxg7+ Kxg7 49. c6 Kf7 50. c7 a5 51. c8=Q axb4 52. axb4 Kf6 53. Qc5 Ke6 54. Qxb5 g4 55. Qg5 gxf3 56. gxf3 Kf7 57. b5 Ke6 58. b6 Kd6 59. Qb5 Ke6 60. b7 g5 61. b8=Q Kf6 62. Q8e5+ Kg6 63. Qxg5+ Kf7 64. Qgf5+ Kg7 65. Qbd7+ Kg8 66.
Qfh7+ Kf8 67. Qdf7# 1-0

[Event "Early-Titled-Tuesday-Blitz-January-16-2024"]
[Site "Chess.com"]
[Date "2024.01.16"]
[Round "6"]
[White "DonJuanEGenaro"]
[Black "Felix-Rose"]
[Result "0-1"]
[WhiteElo "1872"]
[BlackElo "2213"]
[TimeControl "180+1"]
[EndTime "9:11:29 PST"]
[Termination "Felix-Rose won on time"]

1. d4 Nf6 2. Nf3 d5 3. e3 c5 4. c4 e6 5. Nc3 Nc6 6. a3 cxd4 7. exd4 dxc4 8. Bxc4 Be7 9. O-O O-O 10. Re1 b6 11.
d5 Na5 12. Ba2 Nxd5 13. Nxd5 exd5 14. Bxd5 Bb7 15. Bxb7 Qxd1 16. Rxd1 Nxb7 17. Bf4 Bf6 18. Be5 Bxe5 19. Nxe5 Nc5 20. Nd7 Rfc8 21. Nxc5 bxc5 22.
Rac1 Rab8 23. Rc2 g6 24. Rd5 c4 25. Rd4 Rb3 26. g4 c3 27. Rd3 Rxb2 28. Rcxc3 Rxc3 29. Rxc3 Ra2 30. g5 Kf8 31. Kg2 a6 32. Kf3 Ke7 33.
h4 a5 34. Ke3 Ke6 35. f3 a4 36.
Rc6+ Kd5 37. Rf6 Rxa3+ 38. Kf4 Rb3 39. Rxf7 a3 40. Rxh7 Rb4+ 41. Kg3 Ra4 42. Rd7+ Ke6 43. Rd1 a2 44. Ra1 Kd5 45. f4 Ke4 46. Re1+ Kd3 47. f5 gxf5 48. g6 Rg4+ 0-1

[Event "Early-Titled-Tuesday-Blitz-January-16-2024"]
[Site "Chess.com"]
[Date "2024.01.16"]
[Round "6"]
[White "ZuraTqebuchava"]
[Black "SujanaLohani"]
[Result "0-1"]
[WhiteElo "2141"]
[BlackElo "1999"]
[TimeControl "180+1"]
[EndTime "9:11:29 PST"]
[Termination "SujanaLohani won on time"]

1. e4 c5 2. Nf3 Nc6 3. Bb5 g6 4. O-O Bg7 5. Bxc6 bxc6 6. d3 d6 7. h3 Nf6 8. e5 Nd5 9. exd6 exd6 10. Re1+ Be6 11. Ng5 Qd7 12. Qg4 Nf6 13. Qe2 O-O 14. Nxe6 fxe6 15. Qxe6+ Qxe6 16. Rxe6 Rad8 17. Nc3 Nd5 18.
Bd2 Nb4 19. Rc1 Bd4 20. Be3 Be5 21. Re7 a5 22. a3 Na6 23. Ra7 Nb8 24. Rxa5 Nd7 25.
Ra7 Rf7 26. a4 Rb8 27. Nd1 Bxb2 28. Rb1 Ne5 29. Rxf7 Kxf7 30. Rxb2 Ra8 31. Ra2 Ke6 32. a5 Kd7 33. a6 Kc7 34. a7 Kb7 35. Bf4 Nf7 36.
Ne3 Rxa7 37. Rxa7+ Kxa7 38. Nc4 d5 39. Ne5 Nd8 40.
Kf1 Kb6 41. Ke2 Kb5 42. c4+ Kb4 43. Kd2 dxc4 44. dxc4 Ne6 0-1